 Dungeon Crawl Stone Soup version 0.29.1-1-gd02db6906a (webtiles) character file.

Game seed: 4978829368888876435

10 gzilladon the Chopper (level 2, -4/27 HPs)
             Began as a Hill Orc Berserker on Sept 23, 2022.
             Was a Follower of Trog.
             Slain by a worm (5 damage)
             ... on level 3 of the Dungeon.
             The game lasted 00:02:32 (646 turns).

gzilladon the Chopper (Hill Orc Berserker)           Turns: 646, Time: 00:02:33

Health: -4/27      AC:  2    Str: 19    XL:     2   Next: 20%
Magic:  2/2        EV: 12    Int:  7    God:    Trog [*.....]
Gold:   0          SH:  0    Dex: 10    Spells: 1/1 levels left

rFire   . . .      SeeInvis .   a - +0 hand axe
rCold   . . .      Faith    .   (no shield)
rNeg    . . .      Spirit   .   b - +0 animal skin
rPois   .          Reflect  .   (no helmet)
rElec   .          Harm     .   (no cloak)
rCorr   .          Rampage  .   (no gloves)
Will    .....                   (no boots)
Stlth   +.........              (no amulet)
HPRegen 0.09/turn               (no ring)
MPRegen 0.08/turn               (no ring)

@: no status effects
A: no striking features
a: Renounce Religion, Berserk


You were on level 3 of the Dungeon.
You worshipped Trog.
Trog was aware of your devotion.
You visited 1 branch of the dungeon, and saw 3 of its levels.

Inventory:

Hand Weapons
 a - a +0 hand axe (weapon)
 g - a +0 spear
 h - a +0 spear
 i - a +0 club
Missiles
 e - 7 stones (quivered)
Armour
 b - a +0 animal skin (worn)
Scrolls
 d - a scroll of teleportation {unknown}
 f - a scroll of noise {unknown}
Potions
 c - 3 potions of brilliance {unknown}


   Skills:
 * Level 4.0 Fighting
 + Level 4.3 Axes
 * Level 2.3 Armour
 + Level 1.6 Dodging
 + Level 0.1 Stealth


You had one spell level left.
You didn't know any spells.
Your spell library was empty.

Dungeon Overview and Level Annotations

Branches:
Dungeon (3/15)

Altars:
Dithmenos

Annotations:
D:3 Sigmund


Message History

You closely miss the jackal. The jackal barely misses you.
The jackal bites you but does no damage.
You closely miss the jackal.
The jackal barks!
You hit the hobgoblin. The jackal bites you.
* * * LOW HITPOINT WARNING * * *
The hobgoblin closely misses you.
You hit the jackal.
You kill the jackal!
Trog accepts your kill.
You completely miss the hobgoblin. The hobgoblin closely misses you.
Sigmund mumbles some strange words.
Sigmund flickers and vanishes!
Deactivating autopickup; reactivate with Ctrl-A.
Your Fighting skill increases to level 4!
You hit the orc.
The orc is lightly wounded.
You closely miss the hobgoblin. The hobgoblin barely misses you.
The orc barely misses you.
You hit the orc.
The orc is moderately wounded.
You barely miss the hobgoblin. You hit the worm. The hobgoblin hits you.
* * * LOW HITPOINT WARNING * * *
The orc closely misses you. The worm barely misses you.
You barely miss the worm.
The worm is moderately wounded.
You closely miss the hobgoblin. You barely miss the orc.
The hobgoblin closely misses you. The orc hits you with a +0 whip.
* * * LOW HITPOINT WARNING * * *
You hit the worm.
The worm is moderately wounded.
You hit the orc but do no damage. You hit the hobgoblin but do no damage.
You barely miss the jackal.
The hobgoblin hits you but does no damage.
The orc hits you with a +0 whip.
* * * LOW HITPOINT WARNING * * *
The jackal bites you.
* * * LOW HITPOINT WARNING * * *
The worm bites you.
You die...

##.###.......
#..##...###..
#h##..#.....#
##.#......####
######..w..##..#
#...#......###.#
#.hl#h..#.## #.#
#hog.g.[..####.####
#.@w#..#####......#
#...#### #......#
#...# #.....g.
##### ########


You could see 2 worms, an orc, 3 jackals, a hobgoblin, a goblin and a frilled
lizard.

Vanquished Creatures
  2 endoplasms
  A goblin (D:3)
  A hobgoblin (D:1)
  A jackal (D:3)
  A quokka (D:2)
  A ball python (D:1)
  A frilled lizard (D:1)
  A rat (D:3)
9 creatures vanquished.

Notes
Turn   | Place    | Note
-------+----------+-------------------------------------------
     0 | D:1      | gzilladon the Hill Orc Berserker began the quest for the
                  | Orb.
     0 | D:1      | Reached XP level 1. HP: 19/19 MP: 1/1
   416 | D:2      | Reached XP level 2. HP: 18/27 MP: 2/2
   567 | D:3      | Found a shadowy altar of Dithmenos.
   580 | D:3      | Noticed Sigmund
   646 | D:3      | HP: 1/27 [jackal (1)]
   646 | D:3      | Slain by a worm

Illustrated notes

Levels and vault maps discovered:
D:1:      amcnicky_arrival_double_pillar, layout_basic
D:2:      layout_basic, chequers_serial_rivers_room_a, minmay_misc_feat_chi,
          minivault_19
D:3:      layout_rooms, nicolae_dithmenos_shadow_blocks,
          shapermc_ecumenical_altar_notcrosses, uniq_sigmund

Skill      XL: |  1  2 |
---------------+-------+-----
Fighting       | 4 |  4.0
Axes           | |  4.3
Armour         | |  2.3
Dodging        | |  1.6
Stealth        | |  0.1

Action                   || total
-------------------------++-------
Melee: Hand axe          ||    28
Armor: Animal skin       ||     3
Dodge: Dodged            ||    35
